 Dungeon Crawl Stone Soup version 0.19.4-8-ga85b6b9 (webtiles) character file.

1822 vatarom the Blocker (level 9, 0/70 HPs)
             Began as a Formicid Fighter on Feb 10, 2017.
             Was an Initiate of Yredelemnul.
             Slain by a jelly (1 damage)
             ... on level 7 of the Dungeon.
             The game lasted 00:13:20 (4469 turns).

vatarom the Blocker (Formicid Fighter)              Turns: 4469, Time: 00:13:21

Health: 0/70       AC:  8    Str: 21    XL:     9   Next: 32%
Magic:  9/9        EV:  9    Int: 11    God:    Yredelemnul [......]
Gold:   260        SH: 17    Dex: 10    Spells: 2 memorised, 4 levels left

rFire  . . .     SeeInvis +     a - +0 long sword
rCold  . . .     Gourm    .     b - +0 scale mail
rNeg   . . .     Faith    .     c - +1 shield
rPois  .         Spirit   .     (helmet unavailable)
rElec  .         Reflect  +     q - +0 cloak
rCorr  +         Harm     .     (no gloves)
MR     .....                    (no boots)
Stlth  ..........               j - +5 amulet of reflection
                                r - ring of resist corrosion
                                n - ring of wizardry

@: lethally poisoned (0 -> -1)
A: permanent stasis, dig shafts and tunnels, four strong arms, antennae 3
a: Dig, Shaft Self, Renounce Religion


You were on level 7 of the Dungeon.
You worshipped Yredelemnul.
Yredelemnul was noncommittal.
You were very hungry.

You visited 2 branches of the dungeon, and saw 8 of its levels.

You collected 260 gold pieces.

Inventory:

Hand Weapons
 a - a +0 long sword (weapon)
Armour
 b - a +0 scale mail (worn)
 c - a +1 shield (worn)
 q - a +0 cloak (worn)
Jewellery
 j - a +5 amulet of reflection (around neck)
 l - an uncursed amulet of the gourmand
 n - a ring of wizardry (left hand)
 r - a ring of resist corrosion (right hand)
 u - a cursed ring of loudness {unknown}
 v - an uncursed amulet of faith {unknown}
Wands
 d - a wand of slowing (24/48)
 i - a wand of flame (19/48)
 m - a wand of polymorph (10/24)
Scrolls
 e - 4 scrolls of identify
 k - 2 scrolls of remove curse
 o - a scroll of enchant armour
Comestibles
 f - 6 bread rations
 g - 3 meat rations
 h - a beef jerky
 s - 5 chunks of flesh
 t - 5 fruits


   Skills:
 + Level 6.3 Fighting
 - Level 8.1 Long Blades
 - Level 3.2 Armour
 - Level 8.9 Shields


You had 4 spell levels left.
You knew the following spells:

 Your Spells              Type           Power        Failure   Level  Hunger
a - Swiftness             Chrm/Air       #.......     73%         2    ###....
b - Repel Missiles        Chrm/Air       #.....       73%         2    ###....


Dungeon Overview and Level Annotations

Branches:
Dungeon (6/15)             Temple (1/1) D:6

Altars:
Ashenzari
Cheibriados
Dithmenos
Fedhas
Gozag
Hepliaklqana
Kikubaaqudgha
Nemelex Xobeh
Okawaru
Qazlal
Ru
Sif Muna
Trog
Uskayaw
Vehumet
Xom
Yredelemnul
Zin
The Shining One

Annotations:
D:6 Edmund
D:7 Pikel


Innate Abilities, Weirdness & Mutations

You are under a permanent stasis effect.
You can dig through walls and to a lower floor.
Your four strong arms can wield two-handed weapons with a shield.
You have a pair of large antennae on your head. (SInv)


Message History

You hit Pikel but do no damage.
Pikel is heavily wounded.
Pikel hits you but does no damage. You block the hound's attack.
Unknown command.
You hit Pikel but do no damage.
Pikel is heavily wounded.
You block the hound's attack. Pikel hits you with a whip of freezing.
* * * LOW HITPOINT WARNING * * *
Pikel freezes you.
* * * LOW HITPOINT WARNING * * *
The hound closely misses you.
Okay, then.
Evoke which item? (* to show all) (? for menu, Esc to quit)
Zapping:
m - a wand of polymorph (11/24)
Press: ? - help, Shift-Dir - straight line, f - hound
Aim: a hound (heavily wounded, chance to defeat MR: 54%)
The hound evaporates and reforms as a jelly!
This wand has 10 charges left.
You block Pikel's attack. The jelly hits you.
You die...
Your body rises from the dead as a mindless zombie.

##############
..............#
........[......#
#...............#####
#..........##........
#..........##........
##..........##........
...........ppKJ.......
!..........{##@.......
....p.......##........
......................
pp.#########..........
{ #....###### {{
.#....# {{ ..#..... ..
...... ....


You could see Pikel, 2 slaves and a jelly.

Vanquished Creatures
  A wyvern (D:4)
  Eustachio (D:4)
  Menkaure (D:5)
  2 phantoms
  A sky beast (D:6)
  3 ogres
  A bullfrog (D:6)
  Blork the orc (D:6)
  2 scorpions
  2 bullfrog zombies (D:5)
  A centaur zombie (D:5)
  2 jellies
  Crazy Yiuf (D:3)
  An iguana (D:4)
  Natasha (thrice) (D:3)
  3 orc wizards
  6 worker ants
  A hound skeleton (D:5)
  A gnoll (D:2)
  5 adders
  3 adder skeletons
  2 dart slugs
  A leopard gecko (D:3)
  12 orcs
  3 ball pythons
  5 giant cockroaches
  6 goblins
  9 hobgoblins
  7 jackals
  3 quokkas
  6 bats
  4 frilled lizards
  A jackal skeleton (D:5)
  4 kobolds
  A leopard gecko skeleton (D:3)
  A leopard gecko zombie (D:6)
  8 rats
115 creatures vanquished.

Vanquished Creatures (others)
  A kobold (D:3)
1 creature vanquished.

Grand Total: 116 creatures vanquished

Notes
Turn   | Place    | Note
-------+----------+-------------------------------------------
     0 | D:1      | vatarom the Formicid Fighter began the quest for the Orb.
     0 | D:1      | Reached XP level 1. HP: 18/18 MP: 1/1
   125 | D:1      | Reached XP level 2. HP: 5/24 MP: 2/2
   783 | D:2      | Reached XP level 3. HP: 29/29 MP: 3/3
  1150 | D:2      | Reached XP level 4. HP: 14/35 MP: 4/4
  1814 | D:3      | Found a sacrificial altar of Ru.
  1936 | D:3      | Reached skill level 5 in Long Blades
  1936 | D:3      | Reached XP level 5. HP: 40/41 MP: 5/5
  2158 | D:3      | Found a runed door.
  2185 | D:3      | Noticed Crazy Yiuf
  2188 | D:3      | Killed Crazy Yiuf
  2212 | D:3      | Noticed Natasha
  2221 | D:3      | Killed Natasha
  2221 | D:3      | Reached XP level 6. HP: 45/47 MP: 6/6
  2240 | D:3      | Noticed Natasha
  2252 | D:3      | Killed Natasha
  2287 | D:3      | Noticed Natasha
  2289 | D:3      | Killed Natasha
  2444 | D:4      | Learned a level 2 spell: Swiftness
  2447 | D:4      | Learned a level 2 spell: Repel Missiles
  2470 | D:4      | Noticed an ogre
  2472 | D:4      | Noticed Eustachio
  2478 | D:4      | Killed an ogre
  2478 | D:4      | Reached XP level 7. HP: 51/52 MP: 7/7
  2531 | D:4      | Killed Eustachio
  2730 | D:4      | Got a fine dagger
  2731 | D:4      | Identified the +2 dagger "Joihiub" {holy, Dex+4} (You found it on level 4 of the Dungeon)
  2952 | D:4      | Noticed a wyvern
  2960 | D:4      | Killed a wyvern
  2960 | D:4      | Reached skill level 5 in Shields
  2960 | D:4      | Reached XP level 8. HP: 28/58 MP: 8/8
  3075 | D:5      | Entered Level 5 of the Dungeon
  3230 | D:5      | Found a bloodstained altar of Trog.
  3795 | D:5      | Identified the Catalogue of Blistering Dark Secrets
  3869 | D:5      | Noticed Menkaure
  3880 | D:5      | Killed Menkaure
  4020 | D:5      | Reached XP level 9. HP: 36/64 MP: 9/9
  4230 | D:6      | Found a staircase to the Ecumenical Temple.
  4243 | Temple   | Entered the Ecumenical Temple
  4258 | Temple   | Became a worshipper of Yredelemnul the Dark
  4336 | D:6      | Reached skill level 5 in Fighting
  4391 | D:6      | Noticed Blork the orc
  4408 | D:6      | Killed Blork the orc
  4436 | D:6      | Noticed Edmund
  4443 | D:6      | You fall through a shaft!
  4444 | D:7      | Noticed Pikel
  4468 | D:7      | HP: 2/70 [Pikel/whip of freezing (6)]
  4469 | D:7      | Slain by a jelly

Skill      XL: |  1  2  3  4  5  6  7  8  9 |
---------------+----------------------------+-----
Long Blades    | 3 4 5 7 8 |  8.1
Shields        | 5 8 |  8.9
Fighting       | 6 |  6.3
Armour         | |  3.2

Action                   |  1- 3 |  4- 6 |  7- 9 || total
-------------------------+-------+-------+-------++-------
Melee: Long sword        |   105 |   156 |   315 ||   576
       Unarmed           |     4 |       |       ||     4
 Abil: Dig               |       |       |     1 ||     1
       Shaft Self        |       |       |     1 ||     1
Evoke: Wand              |     2 |     4 |     1 ||     7
  Use: Scroll            |     6 |     4 |     1 ||    11
       Potion            |     5 |       |     3 ||     8
  Eat: Chunk             |     1 |    14 |     2 ||    17
       Meat ration       |       |       |     1 ||     1
Armor: Scale mail        |    47 |    52 |    70 ||   169
       Skin              |       |       |     1 ||     1
Dodge: Dodged            |    30 |    38 |    46 ||   114
Block: Shield            |    70 |   143 |   243 ||   456
       Reflection        |     4 |     3 |       ||     7
       Other             |     2 |       |       ||     2
       Rpst.: Long sword |    12 |    15 |    14 ||    41
